 Dungeon Crawl Stone Soup version 0.31-a0-1626-g5cb510d322 (webtiles) character file.

Game seed: 1284743660670548762

11418 kae the Destroyer (level 11, -7/67 HPs)
             Began as a Tengu Fire Elementalist on Jan 12, 2024.
             Was a Priest of Vehumet.
             Killed by an exploding Snorg (13 damage)
             ... ignited by their inner flame
             ... on level 10 of the Dungeon.
             The game lasted 00:10:09 (11251 turns).

kae the Destroyer (Tengu Fire Elementalist)        Turns: 11251, Time: 00:10:10

Health: -7/67      AC: 13    Str: 10    XL:     11   Next: 77%
Magic:  18/21      EV: 34    Int: 26    God:    Vehumet [***...]
Gold:   628        SH:  0    Dex: 17    Spells: 5/22 levels left

rFire   + . .        v - +7 dagger of Daitoaha {freeze, Will+ Dex+3}
rCold   x . .        (no shield)
rNeg    . . .        h - +1 leather armour of Bursted Satisfaction {Will+}
rPois   .            (helmet restricted)
rElec   .            R - +0 cloak of Kuhydel {Int+7}
rCorr   .            G - +2 pair of gloves {hurl}
SInv    .            (boots unavailable)
Will    ++...        u - amulet of magic regeneration
Stlth   ++           O - +4 ring of protection
HPRegen 0.31/turn    F - ring of fire
MPRegen 0.57/turn

%: acrobat
@: acrobatic, flying
A: beak, talons 3, evasive flight, acrobatic
a: Renounce Religion


You were on level 10 of the Dungeon.
You worshipped Vehumet.
Vehumet was most pleased with you.
You visited 2 branches of the dungeon, and saw 11 of its levels.
You also visited: Ossuary and Bailey.

You collected 1059 gold pieces.
You spent 431 gold pieces at shops.


Innate Abilities, Weirdness & Mutations

You have a beak for a mouth.
You have claws for feet.
Your magical flight helps you evade attacks. (EV +4)
You can magically evade attacks while moving or waiting.


   Skills:
 - Level 7.0 Fighting
 - Level 6.0 Armour
 + Level 7.7 Dodging
 - Level 2.0 Stealth
 - Level 6.0 Spellcasting
 - Level 10.0 Conjurations
 - Level 5.0 Hexes
 - Level 10.0 Fire Magic


You had 5 spell levels left.
You knew the following spells:

 Your Spells              Type           Power      Damage    Failure   Level
a - Foxfire               Conj/Fire      100%       2x1d9     1%          1
b - Scorch                Fire           100%       2d9       1%          2
c - Inner Flame           Hex/Fire       63%        N/A       1%          3
d - Flame Wave            Conj/Fire      74%        2d16      1%          4
e - Dazzling Flash        Conj/Hex       92%        N/A       1%          3
f - Sticky Flame          Fire/Alch      50%        2d9       3%          4

Your spell library contained the following spells:

 Spells                   Type           Power      Damage    Failure   Level
 Hailstorm                Conj/Ice       33%        3d8       1%          3
 Volatile Blastmotes      Fire/Tloc      100%       2d18      1%          3
 Freeze                   Ice            28%        1d5       2%          1
 Ensorcelled Hibernation  Hex/Ice        40%        N/A       4%          2
 Frozen Ramparts          Ice            14%        1d3       7%          3
 Irradiate                Conj/Alch      16%        3d17      9%          5
 Sublimation of Blood     Necr           7%         N/A       13%         2
 Fugue of the Fallen      Necr           7%         N/A       26%         3
 Ozocubu's Armour         Ice            7%         N/A       26%         3
 Passwall                 Erth           7%         N/A       26%         3
 Swiftness                Air            7%         N/A       26%         3
 Anguish                  Hex/Necr       10%        N/A       30%         4
 Petrify                  Alch/Erth      7%         N/A       65%         4
 Metabolic Englaciation   Hex/Ice        10%        N/A       65%         5
 Sculpt Simulacrum        Ice/Alch       3%         N/A       100%        6

Inventory:

Hand Weapons
 n - a +0 spear
   (You found it on level 1 of the Dungeon)
 v - the +7 dagger of Daitoaha (weapon) {freeze, Will+ Dex+3}
   (You found it on level 7 of the Dungeon)

   Dex+3:     It affects your dexterity (+3).
   Will+:     It increases your willpower.
 E - the +6 mace of Purpose {freeze, rC+ Dex+5}
   (You found it in a bailey)

   Dex+5:     It affects your dexterity (+5).
   rC+:       It protects you from cold.
Missiles
 c - 5 datura-tipped darts
 d - 16 boomerangs
 e - 113 stones
 g - 33 poisoned darts
 r - 4 throwing nets {=f!f}
 I - 3 curare-tipped darts {=f}
Armour
 a - a +1 robe
 h - the +1 leather armour of Bursted Satisfaction (worn) {Will+}
   (You bought it in a shop on level 5 of the Dungeon)

   Will+:     It increases your willpower.
 G - a +2 pair of gloves of hurling (worn)
   (You found it in a bailey)
 R - the +0 cloak of Kuhydel (worn) {Int+7}
   (You bought it in a shop on level 8 of the Dungeon)

   Int+7:     It affects your intelligence (+7).
Magical Staves
 J - a staff of air {!a}
   (You found it on level 8 of the Dungeon)
 V - a staff of air {!a}
   (You found it on level 9 of the Dungeon)
Jewellery
 u - an amulet of magic regeneration (around neck)
   (You found it on level 4 of the Dungeon)
 y - a ring of willpower
   (You found it on level 7 of the Dungeon)
 F - a ring of fire (right hand)
   (You found it on level 6 of the Dungeon)
 N - a ring of positive energy
   (You found it on level 4 of the Dungeon)
 O - a +4 ring of protection (left hand)
   (You found it on level 1 of the Dungeon)
 P - an amulet of reflection
   (You found it on level 8 of the Dungeon)
Wands
 m - a wand of paralysis (12)
   (You found it on level 8 of the Dungeon)
 s - a wand of mindburst (10)
   (You found it on level 6 of the Dungeon)
 K - a wand of polymorph (11)
   (You found it on level 8 of the Dungeon)
 T - a wand of flame (9)
   (You found it on level 9 of the Dungeon)
 U - a wand of iceblast (5)
   (You took it off Harold on level 9 of the Dungeon)
Scrolls
 i - 3 scrolls of fog
 k - 6 scrolls of teleportation {@r4}
 w - a scroll of vulnerability {!r!r}
 x - a scroll of noise {!r}
 B - a scroll of immolation {!r!r}
 D - a scroll of blinking {!r}
 H - a scroll of silence {!r}
 L - 2 scrolls of fear
 M - 2 scrolls of revelation
 S - 2 scrolls of identify {@r1}
Potions
 b - 2 potions of magic
 f - 4 potions of curing {@q1}
 j - 6 potions of heal wounds {@q2}
 l - 3 potions of mutation {!q}
 o - 6 potions of enlightenment
 p - 2 potions of lignification {!q}
 q - 5 potions of attraction {!q}
 t - a potion of might
 z - 3 potions of brilliance
 A - a potion of cancellation
 C - a potion of degeneration {!q}
 Q - a potion of resistance

Dungeon Overview and Level Annotations

Branches:
Dungeon (10/15) Zot: 26556  Temple (1/1) D:6 Zot: 5988 Ossuary (visited)
 Bailey (visited)
   Lair: D:8-11         Orc: D:9-12

Altars:
Ashenzari
Cheibriados
Dithmenos
Elyvilon
Fedhas
Gozag
Hepliaklqana
Kikubaaqudgha
Makhleb
Nemelex Xobeh
Okawaru
Qazlal
Ru
Sif Muna
Trog
Uskayaw
Vehumet
Wu Jian
Xom
Yredelemnul
Zin
The Shining One

Shops:
D:5 [   D:8 [

Annotations:
D:4 2 transporters
D:8 2 transporters, Grum; t4s4d4r's ghost, novice AtFi
D:9 exclusion: Harold

########################
................@ยงยง.....
..................ยง.....
.####..########..######.
.# #..# #..# .####..# #..#
.......###########
..............##_##
.####........##...## .#
#..#####.#8.#.8#


There were no monsters in sight!


Message History

The foxfire hits something.
Vehumet accepts your kill.
Reactivating autopickup.
You feel a bit more experienced.
Casting: Foxfire (safe; 1% risk of failure)
Confirm with . or Enter, or press ? or * to list all spells.
You feel a surge of power!
You conjure some foxfire! ๐Ÿ˜จ HP[+1]
Casting: Foxfire (safe; 1% risk of failure)
Confirm with . or Enter, or press ? or * to list all spells.
You can't see any susceptible monsters within range! (Use Z to cast anyway.)
Casting: Foxfire (safe; 1% risk of failure)
Confirm with . or Enter, or press ? or * to list all spells.
You can't see any susceptible monsters within range! (Use Z to cast anyway.)
e - 113 stones (gained 4) Key pressed, stopping explore.
You reach down and open the door.
There is an open door here.
You reach down and open the door.
There is an open door here.
Found a glowing silver altar of Zin. ๐Ÿ˜Ž HP[+36]
Your hp is fully restored (67).
There is an open door here.
You reach down and open the door.
There is an open door here.
Found a broken altar of Ashenzari.
There is an open door here.
There is an open door here.
Vehumet will no longer extend the range of your destructive spells.
Snorg the Insatiable comes into view.
You see here a throwing net {=f!f}.
Unknown command.
Casting: Foxfire (safe; 1% risk of failure)
Confirm with . or Enter, or press ? or * to list all spells.
Aiming: Inner Flame (safe; 1% risk of failure)
Press: ? - help, Dir - move target, f - Snorg
Aim: Snorg (asleep, chance to affect: 78%)
You feel a surge of power!
Snorg shouts!
Snorg is filled with an inner flame. ๐Ÿ˜Ž MP[-3]
You lost 3 mp, and now have 18/21 mp.
Casting: Inner Flame (safe; 1% risk of failure)
Confirm with . or Enter, or press ? or * to list all spells.
You feel a surge of power!
You conjure some foxfire!
The foxfire hits Snorg.
Flame seeps out of Snorg.
The foxfire hits Snorg.
Flame seeps out of Snorg.
Snorg is engulfed in blazing flames.
Flame seeps out of Snorg.
Casting: Foxfire (safe; 1% risk of failure)
Confirm with . or Enter, or press ? or * to list all spells.
You feel a surge of power!
You conjure some foxfire!
The foxfire hits Snorg!
Flame seeps out of Snorg.
The foxfire hits Snorg.
Flame seeps out of Snorg.
Snorg is engulfed in blazing flames.
Flame seeps out of Snorg.
Casting: Foxfire (safe; 1% risk of failure)
Confirm with . or Enter, or press ? or * to list all spells.
You feel a surge of power!
You conjure some foxfire!
Snorg goes berserk!
The foxfire hits Snorg.
Flame seeps out of Snorg.
The foxfire hits Snorg.
Flame seeps out of Snorg.
Snorg is engulfed in blazing flames.
Flame seeps out of Snorg. ๐Ÿ˜Ž MP[+1]
Casting: Foxfire (safe; 1% risk of failure)
Confirm with . or Enter, or press ? or * to list all spells.
You feel a surge of power!
Flames lash Snorg.
Flame seeps out of Snorg.
Snorg's fire resistance burns away.
Snorg is engulfed in blazing flames.
Flame seeps out of Snorg.
Snorg barely misses you. Snorg closely misses you. Snorg completely misses you.
Snorg is engulfed in blazing flames.
Flame seeps out of Snorg.
Snorg barely misses you. Snorg claws you but does no damage. Snorg misses you.
Snorg is engulfed in blazing flames.
Flame seeps out of Snorg.
Snorg bites you but does no damage. Snorg completely misses you.
Snorg claws you! ๐Ÿ˜• HP[-12] MP[-1]
You take 12 damage, and now have 55/67 hp.
You lost 1 mp, and now have 18/21 mp.
Casting: Scorch (safe; 1% risk of failure)
Confirm with . or Enter, or press ? or * to list all spells.
You feel a surge of power!
Flames lash Snorg.
Snorg is burned terribly!
Flame seeps out of Snorg.
Snorg is engulfed in blazing flames.
Flame seeps out of Snorg.
Snorg bites you!! Snorg claws you but does no damage. Snorg claws you!
* * * LOW HITPOINT WARNING * * *
Snorg is engulfed in blazing flames.
Flame seeps out of Snorg.
Snorg bites you.
* * * LOW HITPOINT WARNING * * *
Snorg completely misses you. Snorg claws you!
* * * LOW HITPOINT WARNING * * *
Snorg closely misses you. Snorg completely misses you.
Snorg closely misses you. ๐Ÿ˜ฑ HP[-49] MP[-1]
You take 49 damage, and now have 6/67 hp.
MASSIVE DAMAGE!! (PAUSE)
You lost 1 mp, and now have 17/21 mp.
Casting: Scorch (safe; 1% risk of failure)
Confirm with . or Enter, or press ? or * to list all spells.
You feel a surge of power!
Flames lash Snorg.
Snorg is burned terribly!
Vehumet accepts your kill.
You feel your power returning. The fiery explosion engulfs you! You resist.
You die...

Skill      XL: |  1  2  3  4  5  6  7  8  9 10 11 |
---------------+----------------------------------+-----
Conjurations   | 2 3 4 5 7 8 10 | 10.0
Fire Magic     | 4 5 6 8 10 | 10.0
Spellcasting   | 3 4 5 6 |  6.0
Hexes          | 1 2 4 5 |  5.0
Fighting       | 7 |  7.0
Armour         | 3 6 |  6.0
Dodging        | 7 |  7.7
Stealth        | |  2.0

Action                     |  1- 3 |  4- 6 |  7- 9 | 10-12 || total
---------------------------+-------+-------+-------+-------++-------
  Melee: Spear             |    14 |    11 |    27 |       ||    52
         Unarmed           |     8 |       |       |       ||     8
         Kick              |     7 |     5 |     8 |     1 ||    21
         Peck              |     3 |     2 |     9 |     1 ||    15
         Dagger            |       |       |       |     4 ||     4
   Cast: Foxfire           |    55 |    85 |   128 |   110 ||   378
         Scorch            |     3 |     8 |    32 |    57 ||   100
         Flame Wave        |       |       |    14 |    10 ||    24
         Inner Flame       |       |       |     2 |    10 ||    12
    Use: Scroll            |       |    13 |     4 |     6 ||    23
   Stab: Sleeping          |       |       |     1 |       ||     1
 Armour: Robe              |    11 |    15 |     3 |       ||    29
         Leather armour    |       |       |    37 |    87 ||   124
  Dodge: Dodged            |    23 |    38 |   136 |   142 ||   339

Levels and vault maps discovered:
D:1:      lemuel_arrival_cross, layout_basic
D:2:      layout_loops_corners, hellmonk_ecumenical_altar_crossroads,
          basic_altar
D:3:      layout_basic, general_overflow_altar, chequers_mini_garden
D:4:      gammafunk_wand_slinger, layout_basic, mainiacjoe_overflow_brackets,
          nicolae_twisty_statue_hallways
D:5:      layout_cave_pools, serial_shops, shop, minmay_misc_feat_more_columns,
          uniq_prince_ribbit1
D:6:      layout_gridville, old_standard_altar, minmay_temple_entry_waves
D:7:      cheibrodos_fertilizer, layout_loops_corners, enter_ossuary_2,
          enter_bailey_3
D:8:      layout_basic, serial_shops, shop, gammafunk_ghost_gnarly_gnolls,
          minivault_14, reono_crystal_passage, kennysheep_generic_room_5
D:9:      layout_basic, nrook_campfire, uniq_harold
D:10:     layout_small_grid, amethyst_overflow_temple_binary, erik_orc_1,
          uniq_snorg
Temple:   minmay_crystal_spiral_temple

Notes
Turn   | Place    | Note
-------+----------+-------------------------------------------
     0 | D:1      | kae the Tengu Fire Elementalist began the quest for the
                  | Orb.
     0 | D:1      | Reached XP level 1. HP: 10/10 MP: 4/4
     0 | D:1      | magus.rc [v1.11.3]
   314 | D:1      | Reached skill level 2 in Conjurations
   314 | D:1      | Reached XP level 2. HP: 15/15 MP: 3/6
   338 | D:1      | Learned a level 2 spell: Scorch
  1226 | D:2      | Found an opulent altar of Gozag.
  1276 | D:2      | Reached XP level 3. HP: 6/19 MP: 0/7
  1411 | D:2      | Found a faded altar of an unknown god.
  2063 | D:3      | Reached skill level 3 in Conjurations
  2063 | D:3      | Reached skill level 4 in Fire Magic
  2114 | D:3      | Reached XP level 4. HP: 24/24 MP: 4/8
  2676 | D:3      | You pick up a book of Transmutation and begin reading...
  2676 | D:3      | You add the spells Sublimation of Blood, Petrify and
                  | Irradiate to your library.
  2784 | D:3      | Found an ornate altar of the Wu Jian Council.
  3124 | D:4      | Learned a level 3 spell: Inner Flame
  3152 | D:4      | Reached skill level 4 in Conjurations
  3156 | D:4      | Reached XP level 5. HP: 28/28 MP: 3/10
  3244 | D:4      | Found a radiant altar of Vehumet.
  3336 | D:4      | You pick up a book of Frost and begin reading...
  3336 | D:4      | You add the spells Freeze, Frozen Ramparts and Hailstorm to
                  | your library.
  3371 | D:4      | Noticed an ogre
  3433 | D:4      | Killed an ogre
  3434 | D:4      | Reached skill level 3 in Spellcasting
  3434 | D:4      | Reached skill level 5 in Conjurations
  3434 | D:4      | Reached skill level 5 in Fire Magic
  3434 | D:4      | Reached XP level 6. HP: 32/32 MP: 5/11
  3529 | D:4      | Learned a level 4 spell: Flame Wave
  3884 | D:4      | Found a transporter.
  3905 | D:4      | Found a transporter.
  4198 | D:5      | Entered Level 5 of the Dungeon
  4365 | D:5      | Noticed Prince Ribbit
  4371 | D:4      | Gained mutation: Your magical flight helps you evade
                  | attacks. (EV +4) [Tengu growth]
  4371 | D:4      | Reached XP level 7. HP: 27/36 MP: 7/13
  4525 | D:5      | Killed Prince Ribbit
  4526 | D:5      | Reached skill level 6 in Conjurations
  4526 | D:5      | Reached skill level 1 in Hexes
  4526 | D:5      | Reached skill level 6 in Fire Magic
  4770 | D:5      | Reached skill level 7 in Conjurations
  4770 | D:5      | Reached XP level 8. HP: 41/41 MP: 11/14
  4924 | D:5      | Found Pyry's Antique Armour Shoppe.
  4932 | D:5      | Bought a polished leather armour for 203 gold pieces
  4932 | D:5      | Identified the +1 leather armour of Bursted Satisfaction
                  | {Will+} (You bought it in a shop on level 5 of the Dungeon)
  4967 | D:5      | Reached skill level 4 in Spellcasting
  5036 | D:5      | Reached skill level 7 in Fire Magic
  5344 | D:6      | Reached skill level 2 in Hexes
  5384 | D:6      | Found a staircase to the Ecumenical Temple.
  5390 | D:6      | Reached skill level 8 in Conjurations
  5399 | Temple   | Entered the Ecumenical Temple
  5473 | D:4      | Became a worshipper of Vehumet
  5719 | D:6      | Found a basalt altar of Yredelemnul.
  5839 | D:6      | Reached skill level 8 in Fire Magic
  5851 | D:6      | Reached XP level 9. HP: 45/45 MP: 16/16
  5882 | D:6      | Reached skill level 9 in Conjurations
  6221 | D:7      | Found a sand-covered staircase.
  6231 | Ossuary  | Entered an ossuary
  6259 | Ossuary  | Reached * piety under Vehumet
  6259 | Ossuary  | Offered knowledge of Shock by Vehumet.
  6281 | Ossuary  | Reached skill level 3 in Hexes
  6311 | Ossuary  | Reached skill level 5 in Spellcasting
  6391 | D:7      | Noticed a two-headed ogre
  6398 | D:7      | Identified the +7 dagger of Daitoaha {freeze, Will+ Dex+3}
  6499 | D:7      | Reached skill level 10 in Conjurations
  6502 | D:7      | Found a flagged portal.
  6510 | Bailey   | Entered a bailey
  6551 | Bailey   | Reached ** piety under Vehumet
  6551 | Bailey   | Offered knowledge of Mercury Vapours by Vehumet.
  6552 | Bailey   | Reached skill level 9 in Fire Magic
  6855 | Bailey   | Noticed an orc knight
  6914 | Bailey   | Killed an orc knight
  6915 | Bailey   | Reached skill level 4 in Hexes
  6915 | Bailey   | Reached skill level 10 in Fire Magic
  6915 | Bailey   | Reached XP level 10. HP: 50/50 MP: 19/19
  7036 | Bailey   | Identified the +6 mace of Purpose {freeze, rC+ Dex+5}
  7210 | D:7      | Identified the blade talisman of Love and Death {rPois
                  | Will++ Stlth+}
  7294 | D:7      | Noticed a gargoyle
  7302 | D:7      | Reached skill level 6 in Spellcasting
  7303 | D:7      | Killed a gargoyle
  7304 | D:7      | Reached skill level 5 in Hexes
  7304 | D:7      | Reached skill level 1 in Fighting
  7424 | D:7      | Offered knowledge of Dazzling Flash by Vehumet.
  7433 | D:7      | Reached skill level 2 in Fighting
  7489 | D:7      | Reached skill level 3 in Fighting
  7519 | D:7      | Found a burning altar of Makhleb.
  7519 | D:7      | Found an ornate altar of the Wu Jian Council.
  7519 | D:7      | Found a broken altar of Ashenzari.
  7519 | D:7      | Found a radiant altar of Vehumet.
  7519 | D:7      | Found a glowing golden altar of the Shining One.
  7519 | D:7      | Found a stormy altar of Qazlal.
  7527 | D:7      | Reached *** piety under Vehumet
  7528 | D:7      | Reached skill level 4 in Fighting
  8091 | D:7      | You pick up a book of Dreams and begin reading...
  8091 | D:7      | You add the spells Ensorcelled Hibernation, Fugue of the
                  | Fallen and Anguish to your library.
  8161 | D:7      | Killed a two-headed ogre
  8162 | D:7      | Reached skill level 5 in Fighting
  8163 | D:7      | Reached skill level 6 in Fighting
  8382 | D:8      | Learned a level 3 spell: Dazzling Flash
  8395 | D:8      | Noticed a two-headed ogre
  8402 | D:8      | Killed a two-headed ogre
  8403 | D:8      | Reached skill level 7 in Fighting
  8403 | D:8      | Reached skill level 1 in Armour
  8425 | D:8      | You pick up a book of Winter and begin reading...
  8425 | D:8      | You add the spells Ozocubu's Armour, Metabolic Englaciation
                  | and Sculpt Simulacrum to your library.
  8481 | D:8      | Noticed a manticore
  8486 | D:8      | Killed a manticore
  8487 | D:8      | Reached skill level 3 in Armour
  8487 | D:8      | Reached XP level 11. HP: 59/67 MP: 21/21
  8522 | D:8      | You pick up a book of Burglary and begin reading...
  8522 | D:8      | You add the spells Swiftness and Passwall to your library.
  8590 | D:8      | Reached skill level 4 in Armour
  8740 | D:8      | Identified the +0 ring mail of the Sun {Harm rElec rPois
                  | Stlth-}
  8740 | D:8      | Identified the +1 buckler of the Tsukumogami {Will+}
  8750 | D:8      | Found a transporter.
  8769 | D:8      | Found a transporter.
  8789 | D:8      | Noticed Grum
  8898 | D:8      | Found Tavuofis's Antique Armour Shoppe.
  8904 | D:8      | Bought an ancient cloak for 228 gold pieces
  8904 | D:8      | Identified the +0 cloak of Kuhydel {Int+7} (You bought it
                  | in a shop on level 8 of the Dungeon)
  8935 | D:8      | Reached skill level 5 in Armour
  9254 | D:8      | Noticed t4s4d4r's ghost (novice AtFi)
  9320 | D:8      | Noticed a two-headed ogre
  9329 | D:8      | Killed a two-headed ogre
  9330 | D:8      | Reached skill level 6 in Armour
  9405 | D:8      | Identified the ring "Apanemp" {rF++ rC- rCorr EV+5}
  9513 | D:9      | Reached skill level 3 in Dodging
  9573 | D:9      | Offered knowledge of Sticky Flame by Vehumet.
  9686 | D:9      | Noticed Harold
  9792 | D:9      | Reached skill level 4 in Dodging
  9894 | D:9      | Reached skill level 5 in Dodging
  9909 | D:9      | Killed Harold
  9910 | D:9      | Reached skill level 6 in Dodging
  9924 | D:9      | Reached **** piety under Vehumet
 10323 | D:9      | Noticed a two-headed ogre
 10330 | D:9      | Killed a two-headed ogre
 10331 | D:9      | Reached skill level 7 in Dodging
 10807 | D:10     | Entered Level 10 of the Dungeon
 10814 | D:10     | Learned a level 4 spell: Sticky Flame
 11179 | D:10     | Found a glowing silver altar of Zin.
 11190 | D:10     | Found a broken altar of Ashenzari.
 11239 | D:10     | Noticed Snorg
 11249 | D:10     | HP: 13/67 [Snorg (4)]
 11249 | D:10     | HP: 5/67 [Snorg (8)]
 11251 | D:10     | Killed Snorg
 11251 | D:10     | Killed by an exploding Snorg... ignited by their inner
                  | flame

Vanquished Creatures
  Snorg (D:10)
  Harold (D:9)
  4 two-headed ogres
  An orc knight (Bailey)
  A manticore (D:8)
  A slime creature (D:7)
  A gargoyle (D:7)
  An unseen horror (D:10)
  A troll (D:9)
  Prince Ribbit (D:5)
  A shadow (D:9)
  2 wyverns
  3 steam dragons
  2 acid dragons
  2 water moccasins
  9 orc warriors
  2 black bears
  3 ice beasts
  A sky beast (D:7)
  5 centaurs
  2 ogres
  A weeping skull (Ossuary)
  6 kobold brigands
  A gnoll sergeant (D:9)
  4 bullfrogs
  4 water moccasin zombies (Ossuary)
  4 scorpions
  8 wights
  4 killer bees (D:9)
  An electric eel (D:8)
  7 howler monkeys
  7 jellies
  3 orc priests
  A hound (D:6)
  A sleepcap (D:4)
  2 spectral scorpions (Ossuary)
  6 iguanas
  3 orc wizards
  2 mummies (Ossuary)
  13 gnolls
  6 adders
  2 shadow imps
  3 white imps
  6 ufetubi
  An adder zombie (Ossuary)
  A dart slug (D:3)
  17 orcs
  4 bats
  9 endoplasms
  A giant cockroach (D:1)
  11 gnoll zombies (Ossuary)
  7 goblins
  9 hobgoblins
  2 quokkas
  4 ball pythons
  3 frilled lizards
  4 jackal zombies (Ossuary)
  26 kobolds
  3 orc zombies (Ossuary)
  4 rats
246 creatures vanquished.

Vanquished Creatures (others)
  644 foxfires
644 creatures vanquished.

Grand Total: 890 creatures vanquished

Table legend:
 A = Non-vault XP
 B = Vault XP
 C = Vault XP percentage of total XP
 D = Non-vault monster count
 E = Vault monster count
 F = Vault count percentage of total count
                 A         B        C        D         E       F
            +---------+---------+-------+---------+---------+-------
      Total |   11052 |    6241 |  36.1 |     170 |      76 |  30.9
            +---------+---------+-------+---------+---------+-------
        D:1 |      31 |       0 |   0.0 |      20 |       0 |   0.0
        D:2 |      20 |       0 |   0.0 |       4 |       0 |   0.0
        D:3 |      95 |       0 |   0.0 |      19 |       0 |   0.0
        D:4 |     394 |       0 |   0.0 |      18 |       0 |   0.0
        D:5 |     649 |     268 |  29.2 |      18 |       1 |   5.3
        D:6 |    1437 |       0 |   0.0 |      24 |       0 |   0.0
        D:7 |    2159 |    1048 |  32.7 |      15 |      19 |  55.9
        D:8 |    2481 |     868 |  25.9 |      15 |       3 |  16.7
        D:9 |    3174 |     892 |  21.9 |      31 |       1 |   3.1
       D:10 |     612 |     981 |  61.6 |       6 |       1 |  14.3
    Ossuary |       0 |     561 | 100.0 |       0 |      28 | 100.0
     Bailey |       0 |    1623 | 100.0 |       0 |      23 | 100.0
            +---------+---------+-------+---------+---------+-------

Skill      XL: |  1  2  3  4  5  6  7  8  9 10 11 |
---------------+----------------------------------+-----
Conjurations   | 2 3 4 5 7 8 10 | 10.0
Fire Magic     | 4 5 6 8 10 | 10.0
Spellcasting   | 3 4 5 6 |  6.0
Hexes          | 1 2 4 5 |  5.0
Fighting       | 7 |  7.0
Armour         | 3 6 |  6.0
Dodging        | 7 |  7.7
Stealth        | |  2.0

Action                     |  1- 3 |  4- 6 |  7- 9 | 10-12 || total
---------------------------+-------+-------+-------+-------++-------
  Melee: Spear             |    14 |    11 |    27 |       ||    52
         Unarmed           |     8 |       |       |       ||     8
         Kick              |     7 |     5 |     8 |     1 ||    21
         Peck              |     3 |     2 |     9 |     1 ||    15
         Dagger            |       |       |       |     4 ||     4
   Cast: Foxfire           |    55 |    85 |   128 |   110 ||   378
         Scorch            |     3 |     8 |    32 |    57 ||   100
         Flame Wave        |       |       |    14 |    10 ||    24
         Inner Flame       |       |       |     2 |    10 ||    12
    Use: Scroll            |       |    13 |     4 |     6 ||    23
   Stab: Sleeping          |       |       |     1 |       ||     1
 Armour: Robe              |    11 |    15 |     3 |       ||    29
         Leather armour    |       |       |    37 |    87 ||   124
  Dodge: Dodged            |    23 |    38 |   136 |   142 ||   339

Illustrated notes

Table legend:
 A = Kills in this place as a percentage of kills in the entire game.
 B = Kills by you in this place as a percentage of kills by you in the entire game.
 C = Kills by friends in this place as a percentage of kills by friends in the entire game.
 D = Other kills in this place as a percentage of other kills in the entire game.
 E = Experience gained in this place as a percentage of experience gained in the entire game.
 F = Experience gained in this place divided by the number of levels of this place that you have seen.
                   A       B       C       D       E      F
               +-------+-------+-------+-------+-------+----------------------
         Total | 100.0 | 100.0 |   N/A |   N/A | 100.0 | 1330.2
       Dungeon |  79.3 |  79.3 |   N/A |   N/A |  87.4 | 1510.9
       Ossuary |  11.4 |  11.4 |   N/A |   N/A |   3.2 | 561.0
        Bailey |   9.3 |   9.3 |   N/A |   N/A |   9.4 | 1623.0
               +-------+-------+-------+-------+-------+----------------------

Table legend: (Time is in decaauts)
 A = Elapsed time spent in this place.
 B = Non-inter-level travel time spent in this place.
 C = Inter-level travel time spent in this place.
 D = Time resting spent in this place.
 E = Time spent auto-exploring this place.
 F = Levels seen in this place.
 G = Mean time per level.
                   A        B        C        D        E       F      G
               +--------+--------+--------+--------+--------+-----+--------+
         Total |  11255 |  10870 |    385 |    344 |   8598 |  13 |  865.8 |
       Dungeon |  10399 |  10015 |    384 |    248 |   8314 |  10 | 1039.9 |
        Temple |     11 |     10 |      1 |      0 |     10 |   1 |   11.0 |
       Ossuary |    160 |    160 |      0 |      0 |      0 |   1 |  160.0 |
        Bailey |    683 |    683 |      0 |     96 |    274 |   1 |  683.0 |
               +--------+--------+--------+--------+--------+-----+--------+

Top non-repeatable levels by time:
     D:7: 1355 daAuts
     D:4: 1338 daAuts
     D:9: 1336 daAuts
     D:3: 1126 daAuts
     D:8: 1092 daAuts
     D:1: 1015 daAuts
     D:2: 978 daAuts
     D:5: 930 daAuts
     D:6: 782 daAuts
  Bailey: 683 daAuts
    D:10: 443 daAuts
 Ossuary: 160 daAuts
  Temple: 11 daAuts
